 Dungeon Crawl Stone Soup version 0.29-a0-802-g34511f41fd (webtiles) character file.

Game seed: 7274840595877030393

323 purpskrrrp the Covert (level 6, 0/39 HPs)
             Began as an Octopode Brigand on July 3, 2022.
             Slain by a goblin
             ... wielding a +0 club
              (2 damage)
             ... on level 4 of the Dungeon.
             The game lasted 00:09:11 (3315 turns).

purpskrrrp the Covert (Octopode Brigand)            Turns: 3315, Time: 00:09:11

Health: 0/39       AC:  1    Str: 10    XL:     6   Next: 47%
Magic:  6/6        EV: 13    Int: 19    God:
Gold:   159        SH:  0    Dex: 16    Spells: 5/5 levels left

rFire   . . .      SeeInvis .   j - +4 dagger (venom)
rCold   . . .      Faith    .   (no shield)
rNeg    . . .      Spirit   .   (helmet restricted)
rPois   .          Reflect  .   (no amulet)
rElec   .          Harm     .   k - ring of wizardry
rCorr   .          Rampage  .   n - +6 ring of intelligence
Will    .....                   (no ring)
Stlth   +++++.....              (no ring)
HPRegen 0.13/turn               (no ring)
MPRegen 0.10/turn               (no ring)
                                (no ring)
                                (no ring)

@: no status effects
A: almost no armour, amphibious, 8 rings, camouflage 1, gelatinous body 1,
(nimble swimmer 1), tentacles
a: no special abilities


You were on level 4 of the Dungeon.
You visited 1 branch of the dungeon, and saw 4 of its levels.

You collected 159 gold pieces.

Inventory:

Hand Weapons
 a - a +2 dagger
 j - a +4 dagger of venom (weapon)
Missiles
 b - 13 poisoned darts
 c - 3 curare-tipped darts
 i - 2 throwing nets (quivered)
Jewellery
 k - a ring of wizardry (left tentacle)
 n - a +6 ring of intelligence (right tentacle)
Scrolls
 g - 3 scrolls of teleportation
Potions
 d - 2 potions of lignification {unknown}
 e - a potion of heal wounds {unknown}
 f - a potion of mutation {unknown}
 l - a potion of degeneration {unknown}
 m - a potion of attraction {unknown}
 o - a potion of magic {unknown}
 p - a potion of might {unknown}


   Skills:
 + Level 2.2 Fighting
 * Level 3.4 Short Blades
 + Level 2.1 Throwing
 + Level 1.5 Dodging
 * Level 9.3 Stealth


You had 5 spell levels left.
You didn't know any spells.
Your spell library contained the following spells:

 Spells                   Type           Power      Damage    Failure   Level
 Anguish                  Hex/Necr       0%         N/A       58%         4
 Enfeeble                 Hex            0%         N/A       100%        7


Dungeon Overview and Level Annotations

Branches:
Dungeon (4/15)
 Temple: D:4-7

Altars:
Sif Muna

Shops:
D:1 (


Innate Abilities, Weirdness & Mutations

You cannot wear most types of armour.
You are amphibious.
You can wear up to eight rings at the same time.
Your skin changes colour to match your surroundings (Stealth+).
Your rubbery body absorbs attacks. (AC +1, EV +1)
((You are camouflaged when in or above water. (Stealth+)))
You have tentacles for arms and can constrict up to eight enemies at once.


Message History

Found a spear.
You open the door.
There is an open door here.
You open the door.
There is an open door here.
You open the door.
There is an open door here.
There is an open door here.
A gnoll comes into view. It is wielding a +0 club.
Found a stone staircase leading up.
There is an open door here.
A gnoll is nearby! 2 gnolls come into view.
A gnoll comes into view. It is wielding a +0 flail.
A goblin comes into view. It is wielding a +0 club.
Found an escape hatch in the floor.
The gnoll shouts! x2; The goblin shouts!
The gnoll shouts! x2
The gnoll closely misses you.
The gnoll hits you from afar with a +0 spear.
You closely miss the gnoll. You grab the gnoll. You constrict the gnoll.
The goblin hits you with a +0 club. The gnoll hits you with a +0 club!
The gnoll hits you with a +0 halberd.
The gnoll hits you from afar with a +0 spear.
You are too injured to fight recklessly!
You are too injured to fight recklessly!
You feel better.
You constrict the gnoll, but do no damage.
The gnoll hits you from afar with a +0 spear.
The goblin misses you. The gnoll closely misses you. x2
The gnoll hits you with a +0 flail.
You release your grip on the gnoll.
The gnoll attacks as you move away! The gnoll hits you with a +0 halberd.
* * * LOW HITPOINT WARNING * * *
The goblin hits you with a +0 club.
* * * LOW HITPOINT WARNING * * *
The gnoll hits you from afar with a +0 halberd!
* * * LOW HITPOINT WARNING * * *
The gnoll barely misses you. The goblin attacks as you move away!
The goblin hits you with a +0 club.
You die...

#....# .....# #.##≈
.....# ..#≈≈
##...#############..≈≈ ≈
#..................## ≈≈
#................<..#≈≈#
##...................≈##≈
.................g.....≈≈
................@gg......
.....######'#####gg..##.#
#....#. #....# '....#
#....#. #....# .#....#
+....#'###..#####.>..#
#....#..##..#######....
#....#...'.....'.. .....
#....#...#.....#.. .....
#†...#..##..####


You could see 4 gnolls and a goblin.

Vanquished Creatures
  A phantom (D:3)
  Blork the orc (D:4)
  A hound (D:4)
  Terence (D:2)
  5 adders
  A worm (D:2)
  3 dart slugs
  An orc (D:3)
  7 bats
  5 endoplasms
  7 goblins
  6 hobgoblins
  10 jackals
  5 quokkas
  5 ball pythons
  4 frilled lizards
  3 kobolds
  8 rats
74 creatures vanquished.

Vanquished Creatures (others)
  A fungus (D:4)
  9 plants (D:4)
10 creatures vanquished.

Grand Total: 84 creatures vanquished

Notes
Turn   | Place    | Note
-------+----------+-------------------------------------------
     0 | D:1      | purpskrrrp the Octopode Brigand began the quest for the
                  | Orb.
     0 | D:1      | Reached XP level 1. HP: 14/14 MP: 1/1
   139 | D:1      | Reached XP level 2. HP: 19/19 MP: 2/2
   177 | D:1      | Found a faded altar of an unknown god.
   186 | D:1      | Reached skill level 6 in Stealth
   262 | D:1      | Found Irunt's Antique Weapon Boutique.
   714 | D:1      | Reached XP level 3. HP: 24/24 MP: 3/3
  1289 | D:2      | Noticed Terence
  1298 | D:2      | Killed Terence
  1299 | D:2      | Reached skill level 7 in Stealth
  1299 | D:2      | Reached XP level 4. HP: 16/29 MP: 4/4
  2148 | D:3      | Noticed a phantom
  2152 | D:3      | Killed a phantom
  2153 | D:3      | Reached skill level 8 in Stealth
  2153 | D:3      | Reached XP level 5. HP: 34/34 MP: 5/5
  2834 | D:4      | Noticed Blork the orc
  2846 | D:4      | Killed Blork the orc
  2847 | D:4      | Reached skill level 9 in Stealth
  2847 | D:4      | Reached XP level 6. HP: 18/39 MP: 6/6
  3073 | D:4      | Found a shimmering blue altar of Sif Muna.
  3315 | D:4      | Slain by a goblin

Illustrated notes

Levels and vault maps discovered:
D:1:      heliophobic_arrival_ceremonial_halls, layout_loops_cross,
          serial_shops, nicolae_square_shop, nicolae_ecumenical_lake_church,
          serial_park_tiny_2
D:2:      layout_loops_ring, uniq_terence
D:3:      layout_basic
D:4:      layout_gridville, nicolae_ru_the_path_less_chosen,
          mainiacjoe_overflow_cross_hatched, temple_hall, serial_bayou_pond_b,
          minivault_4, hangedman_decor_growths, uniq_blork_the_orc

Skill      XL: |  1  2  3  4  5 |
---------------+----------------+-----
Stealth        | 6 7 8 9 |  9.3
Short Blades   | 3 |  3.4
Fighting       | |  2.2
Throwing       | |  2.1
Dodging        | |  1.5

Action                   |  1- 3 |  4- 6 || total
-------------------------+-------+-------++-------
Melee: Dagger            |    52 |    69 ||   121
       Constrict         |    10 |     8 ||    18
       Tentacles         |     9 |     7 ||    16
Throw: Throwing net      |       |     1 ||     1
  Use: Scroll            |       |     8 ||     8
       Potion            |       |     1 ||     1
 Stab: Sleeping          |    15 |    20 ||    35
       Held in net/web   |       |     1 ||     1
Armor: Skin              |     3 |     4 ||     7
Dodge: Dodged            |    14 |    29 ||    43

Table legend: (Time is in decaauts)
 A = Elapsed time spent in this place.
 B = Non-inter-level travel time spent in this place.
 C = Inter-level travel time spent in this place.
 D = Time resting spent in this place.
 E = Time spent auto-exploring this place.
 F = Levels seen in this place.
 G = Mean time per level.
                   A        B        C        D        E       F      G
               +--------+--------+--------+--------+--------+-----+--------+
         Total |   3297 |   3224 |     73 |    498 |   2230 |   4 |  824.2 |
       Dungeon |   3297 |   3224 |     73 |    498 |   2230 |   4 |  824.2 |
               +--------+--------+--------+--------+--------+-----+--------+

Top non-repeatable levels by time:
     D:2: 1059 daAuts
     D:1: 1018 daAuts
     D:3: 624 daAuts
     D:4: 593 daAuts
